 Dungeon Crawl Stone Soup version 0.27-a0-1456-gf5a116941d (webtiles) character file.

Game seed: 1326856757111689067

1073 wakim the Gusty (level 8, -1/58 HPs)
             Began as a Gnoll Air Elementalist on July 5, 2021.
             Was an Initiate of Nemelex Xobeh.
             Slain by a gnoll shaman (10 damage)
             ... on level 6 of the Dungeon on July 6, 2021.
             The game lasted 00:15:52 (6148 turns).

wakim the Gusty (Gnoll Air Elementalist)            Turns: 6148, Time: 00:15:53

Health: -1/58      AC:  6    Str: 10    XL:     8   Next: 29%
Magic:  21/26      EV: 13    Int: 14    God:    Nemelex Xobeh [......]
Gold:   239        SH:  0    Dex: 13    Spells: 18/19 levels left

rFire    . . .     SeeInvis .   a - +1 trident (elec)
rCold    . . .     Faith    .   (no shield)
rNeg     . . .     Spirit   .   l - +2 leather armour {rPois}
rPois    +         Reflect  .   (no helmet)
rElec    .         Harm     .   i - +0 cloak
rCorr    .         Rampage  .   (no gloves)
Will     .....                  (no boots)
Stlth    +++.......             (no amulet)
HPRegen  0.19/turn              d - ring of magical power
MPRegen  0.20/turn              k - +4 ring of slaying

@: no status effects
A: fangs 1, strong nose, distributed training
a: Renounce Religion, Draw Escape, Draw Destruction, Draw Summoning


You were on level 6 of the Dungeon.
You worshipped Nemelex Xobeh.
Nemelex Xobeh was noncommittal.
You visited 2 branches of the dungeon, and saw 7 of its levels.

You collected 239 gold pieces.

Inventory:

Hand Weapons
 a - a +1 trident of electrocution (weapon)
 b - a +0 long sword
Missiles
 j - 38 poisoned darts
 s - 4 boomerangs
Armour
 i - a +0 cloak (worn)
 l - a +2 leather armour of poison resistance (worn)
Jewellery
 d - a ring of magical power (left hand)
 f - a +6 ring of strength
 k - a +4 ring of slaying (right hand)
 o - a ring of positive energy
Wands
 x - a wand of iceblast (8)
Scrolls
 c - 2 scrolls of enchant weapon
 r - 2 scrolls of identify
 T - 2 scrolls of teleportation
 X - a scroll of fog
Potions
 e - 5 potions of curing {unknown}
 g - a potion of cancellation {unknown}
 h - a potion of mutation {unknown}
 m - a potion of degeneration {unknown}
 n - a potion of ambrosia {unknown}
 p - a potion of heal wounds {unknown}
 D - a potion of brilliance


   Skills:
 + Level 3.1 Fighting
 + Level 3.1 Short Blades
 + Level 3.1 Long Blades
 + Level 3.1 Axes
 + Level 3.1 Maces & Flails
 + Level 3.1 Polearms
 + Level 3.1 Staves
 + Level 3.1 Slings
 + Level 3.1 Bows
 + Level 3.1 Crossbows
 + Level 3.1 Throwing
 + Level 3.1 Armour
 + Level 5.6 Dodging
 + Level 5.3 Stealth
 + Level 3.1 Shields
 + Level 3.1 Unarmed Combat
 + Level 6.0 Spellcasting
 + Level 3.4 Conjurations
 + Level 2.5 Hexes
 + Level 2.5 Summonings
 + Level 2.5 Necromancy
 + Level 2.5 Translocations
 + Level 2.5 Transmutations
 + Level 2.5 Fire Magic
 + Level 2.5 Ice Magic
 + Level 6.1 Air Magic
 + Level 2.5 Earth Magic
 + Level 2.5 Poison Magic
 + Level 3.4 Invocations
 + Level 3.1 Evocations


You had 18 spell levels left.
You knew the following spells:

 Your Spells              Type           Power      Damage    Failure   Level
a - Shock                 Conj/Air       68%        1d7       3%          1

Your spell library contained the following spells:

 Spells                   Type           Power      Damage    Failure   Level
 Static Discharge         Conj/Air       17%        N/A       4%          2
 Swiftness                Air            21%        N/A       4%          3
 Airstrike                Air            10%        N/A       17%         4
 Sticky Flame             Conj/Fire      12%        2d4       52%         4
 Dispel Undead            Necr           11%        3d9       58%         4
 Irradiate                Conj/Tmut      6%         3d15      86%         5
 Blade Hands              Tmut           5%         N/A       90%         5
 Dragon Form              Tmut           5%         N/A       100%        7


Dungeon Overview and Level Annotations

Branches:
Dungeon (6/15)             Temple (1/1) D:6

Altars:
Cheibriados
Dithmenos
Elyvilon
Fedhas
Gozag
Hepliaklqana
Kikubaaqudgha
Nemelex Xobeh
Okawaru
Sif Muna
Trog
Uskayaw
Wu Jian
Xom
Yredelemnul
Zin

Shops:
D:6 (


Innate Abilities, Weirdness & Mutations

You have very sharp teeth.
Your uncanny sense of smell can sniff out nearby items.
Your experience applies equally to all skills.


Message History

Aim: a gnoll shaman, wielding a +0 club and wearing a +1 leather armour of cold resistance (moderately wounded, 75% to hit)
The zap misses the gnoll shaman.
The zap misses the gnoll.
The gnoll shaman hits you with a +0 club.
* * * LOW HITPOINT WARNING * * *
Casting: Shock (safe; 3% risk of failure)
Confirm with . or Enter, or press ? or * to list all spells.
Aiming: Shock (safe; 3% risk of failure)
Press: ? - help, Shift-Dir - straight line, f/p - gnoll shaman
Aim: a gnoll shaman, wielding a +0 club and wearing a +1 leather armour of cold resistance (moderately wounded, 75% to hit)
The zap hits the gnoll shaman.
The gnoll shaman is heavily wounded.
The zap hits the gnoll!
The gnoll is heavily wounded.
The gnoll shaman calls upon its god to heal the gnoll.
The gnoll is healed somewhat.
Casting: Shock (safe; 3% risk of failure)
Confirm with . or Enter, or press ? or * to list all spells.
Aiming: Shock (safe; 3% risk of failure)
Press: ? - help, Shift-Dir - straight line, f/p - gnoll shaman
Aim: a gnoll shaman, wielding a +0 club and wearing a +1 leather armour of cold resistance (heavily wounded, 75% to hit)
The zap hits the gnoll shaman.
The gnoll shaman is heavily wounded.
The zap hits the gnoll.
The gnoll is moderately wounded.
The gnoll shaman invokes the aid of its god against you.
You resist with some effort.
Casting: Shock (safe; 3% risk of failure)
Confirm with . or Enter, or press ? or * to list all spells.
Aiming: Shock (safe; 3% risk of failure)
Press: ? - help, Shift-Dir - straight line, f/p - gnoll shaman
Aim: a gnoll shaman, wielding a +0 club and wearing a +1 leather armour of cold resistance (heavily wounded, 75% to hit)
The zap hits the gnoll shaman.
The gnoll shaman is severely wounded.
The zap hits the gnoll.
The gnoll is severely wounded.
The zap hits the iguana.
The iguana is severely wounded.
The gnoll shaman hits you with a +0 club!
You die...
Your body disappears without a glow.

...)>..g###.###
#####.#####.####
###.....#.....# #.# #.....
#######.....# #.# #.....
#..∩..# #####.### ######
#.....# #.......# ##.
#.....# #...###.# ##..
##.##.## #...# #.# ##...
#......####...###.####....
........lgg@...........'....
###.....#######.#...####....
##....# #.##.## ##... ##....
#.#### ##.. ##... #..## ##.
###. #.#.# ## ##.## # #.# #
#.# ##


You could see a gnoll shaman, an iguana and a gnoll (fast).

Vanquished Creatures
  An ice beast (D:6)
  A black bear (D:5)
  A sky beast (D:5)
  A necrophage (D:6)
  An ogre (D:4)
  A centaur (D:3)
  2 water moccasin skeletons (D:5)
  2 hounds
  A jelly (D:5)
  A bullfrog skeleton (D:4)
  An orc priest (D:4)
  2 iguanas
  Ijyb (D:4)
  2 gnolls (D:6)
  10 adders
  2 white imps (D:6)
  3 worms (D:2)
  2 dart slugs
  6 orcs
  8 endoplasms
  A giant cockroach (D:1)
  2 goblins
  8 hobgoblins
  6 jackals
  9 quokkas
  12 ball pythons
  5 bats
  4 frilled lizards
  4 kobolds
  4 rats
104 creatures vanquished.

Notes
Turn   | Place    | Note
-------+----------+-------------------------------------------
     0 | D:1      | wakim the Gnoll Air Elementalist began the quest for the
                  | Orb.
     0 | D:1      | Reached XP level 1. HP: 13/13 MP: 6/6
   181 | D:1      | Reached XP level 2. HP: 13/19 MP: 7/7
   318 | D:1      | Found a faded altar of an unknown god.
   943 | D:1      | Reached XP level 3. HP: 23/25 MP: 9/9
  1005 | D:2      | Reached skill level 5 in Spellcasting
  1192 | D:2      | Reached skill level 1 in Invocations
  1223 | D:2      | Reached skill level 1 in Fighting
  1223 | D:2      | Reached skill level 1 in Short Blades
  1223 | D:2      | Reached skill level 1 in Long Blades
  1223 | D:2      | Reached skill level 1 in Axes
  1223 | D:2      | Reached skill level 1 in Maces & Flails
  1223 | D:2      | Reached skill level 1 in Polearms
  1223 | D:2      | Reached skill level 1 in Staves
  1223 | D:2      | Reached skill level 1 in Slings
  1223 | D:2      | Reached skill level 1 in Bows
  1223 | D:2      | Reached skill level 1 in Crossbows
  1223 | D:2      | Reached skill level 1 in Throwing
  1223 | D:2      | Reached skill level 1 in Armour
  1223 | D:2      | Reached skill level 1 in Shields
  1223 | D:2      | Reached skill level 1 in Unarmed Combat
  1223 | D:2      | Reached skill level 1 in Evocations
  1252 | D:2      | Reached XP level 4. HP: 32/32 MP: 11/11
  1937 | D:2      | Reached skill level 1 in Hexes
  1937 | D:2      | Reached skill level 1 in Summonings
  1937 | D:2      | Reached skill level 1 in Necromancy
  1937 | D:2      | Reached skill level 1 in Translocations
  1937 | D:2      | Reached skill level 1 in Transmutations
  1937 | D:2      | Reached skill level 1 in Fire Magic
  1937 | D:2      | Reached skill level 1 in Ice Magic
  1937 | D:2      | Reached skill level 1 in Earth Magic
  1937 | D:2      | Reached skill level 1 in Poison Magic
  2468 | D:3      | Found an iron altar of Okawaru.
  2712 | D:3      | Reached XP level 5. HP: 37/37 MP: 12/12
  2962 | D:3      | Noticed a centaur
  2972 | D:3      | Killed a centaur
  3512 | D:4      | Reached XP level 6. HP: 38/44 MP: 13/13
  4002 | D:4      | Reached skill level 5 in Dodging
  4004 | D:4      | Noticed Ijyb
  4054 | D:4      | Killed Ijyb
  4055 | D:4      | Reached XP level 7. HP: 25/50 MP: 13/15
  4542 | D:5      | Entered Level 5 of the Dungeon
  4980 | D:5      | Found a bloodstained altar of Trog.
  5078 | D:5      | Noticed an angel
  5080 | D:5      | Found a glowing silver altar of Zin.
  5081 | D:5      | Found a shimmering altar of Xom.
  5091 | D:5      | Reached skill level 5 in Stealth
  5349 | D:6      | Found a staircase to the Ecumenical Temple.
  5375 | D:6      | Found an ornate altar of the Wu Jian Council.
  5401 | Temple   | Entered the Ecumenical Temple
  5476 | Temple   | Became a worshipper of Nemelex Xobeh the Trickster
  5610 | D:6      | Reached XP level 8. HP: 33/57 MP: 16/16
  5958 | D:6      | Found an opulent altar of Gozag.
  6091 | D:6      | Found Gampiruwn's Antique Weapon Shoppe.
  6148 | D:6      | Slain by a gnoll shaman

Illustrated notes

Levels and vault maps discovered:
D:1:      grunt_arrival_crossed_arrows, layout_rooms,
          hellmonk_ecumenical_altar_lost_god
D:2:      layout_basic, minmay_fractal_squares_5
D:3:      layout_basic, lemuel_round_altar, serial_curves, eino_curves_01,
          eino_curves_02, grunt_ministairs_12, saegor_snake_ambush
D:4:      layout_loops_cross, abandoned_shop, kennysheep_generic_room_2,
          uniq_ijyb
D:5:      layout_rooms, grunt_temple_overflow_order_and_chaos_1,
          trog_butcher_becter
D:6:      layout_loops_corners, overflow_temple_1_default, lemuel_crystal_altar,
          makhleb_blood_cavern_becter, minmay_temple_entry_stoned_glass,
          serial_shops, shop, minivault_27, uniq_grinder
Temple:   eino_wide_crystal_templ

Skill      XL: |  1  2  3  4  5  6  7  8 |
---------------+-------------------------+-----
Conjurations   | 2 3 |  3.4
Spellcasting   | 5 6 |  6.0
Invocations    | 1 2 3 |  3.4
Fighting       | 1 2 3 |  3.1
Short Blades   | 1 2 3 |  3.1
Long Blades    | 1 2 3 |  3.1
Axes           | 1 2 3 |  3.1
Maces & Flails | 1 2 3 |  3.1
Polearms       | 1 2 3 |  3.1
Staves         | 1 2 3 |  3.1
Slings         | 1 2 3 |  3.1
Bows           | 1 2 3 |  3.1
Crossbows      | 1 2 3 |  3.1
Throwing       | 1 2 3 |  3.1
Armour         | 1 2 3 |  3.1
Shields        | 1 2 3 |  3.1
Unarmed Combat | 1 2 3 |  3.1
Evocations     | 1 2 3 |  3.1
Hexes          | 1 2 |  2.5
Summonings     | 1 2 |  2.5
Necromancy     | 1 2 |  2.5
Translocations | 1 2 |  2.5
Transmutations | 1 2 |  2.5
Fire Magic     | 1 2 |  2.5
Ice Magic      | 1 2 |  2.5
Earth Magic    | 1 2 |  2.5
Poison Magic   | 1 2 |  2.5
Dodging        | 5 |  5.6
Stealth        | 5 |  5.3
Air Magic      | 6 |  6.1

Action                   |  1- 3 |  4- 6 |  7- 9 || total
-------------------------+-------+-------+-------++-------
Melee: Dagger            |    18 |       |       ||    18
       Hand axe          |     9 |       |       ||     9
       Bite              |     3 |     6 |     6 ||    15
       Unarmed           |     1 |     7 |       ||     8
       Trident           |    26 |   112 |   108 ||   246
       Punch             |       |     1 |       ||     1
 Cast: Shock             |    25 |    18 |     7 ||    50
  Use: Scroll            |     1 |     7 |     2 ||    10
 Stab: Sleeping          |     7 |     9 |     4 ||    20
Armor: Leather armour    |    13 |    30 |    29 ||    72
       Robe              |     1 |       |       ||     1
Dodge: Dodged            |    44 |    80 |    71 ||   195

Table legend: (Time is in decaauts)
 A = Elapsed time spent in this place.
 B = Non-inter-level travel time spent in this place.
 C = Inter-level travel time spent in this place.
 D = Time resting spent in this place.
 E = Time spent auto-exploring this place.
 F = Levels seen in this place.
 G = Mean time per level.
                   A        B        C        D        E       F      G
               +--------+--------+--------+--------+--------+-----+--------+
         Total |   6217 |   6037 |    180 |      0 |   4969 |   7 |  888.1 |
       Dungeon |   6133 |   5960 |    173 |      0 |   4922 |   6 | 1022.2 |
        Temple |     83 |     76 |      7 |      0 |     47 |   1 |   83.0 |
               +--------+--------+--------+--------+--------+-----+--------+

Top non-repeatable levels by time:
     D:3: 1504 daAuts
     D:4: 1063 daAuts
     D:2: 1032 daAuts
     D:1: 993 daAuts
     D:5: 819 daAuts
     D:6: 720 daAuts
  Temple: 83 daAuts
